 Dungeon Crawl Stone Soup version 0.25-a0-310-g60f0ac2d9a (webtiles) character file.

Game seed: 2831497839578993061, levelgen mode: classic

859 Borgoz the Skirmisher (level 8, -7/76 HPs)
             Began as a Gargoyle Berserker on Dec 23, 2019.
             Was a Priest of Trog.
             Mangled by an orc warrior
             ... wielding a +0 flail
              (12 damage)
             ... on level 6 of the Dungeon.
             The game lasted 00:04:59 (3803 turns).

Borgoz the Skirmisher (Gargoyle Berserker)          Turns: 3803, Time: 00:05:00

Health: -7/76      AC: 16    Str: 27    XL:     8   Next: 2%
Magic:  8/8        EV: 12    Int:  7    God:    Trog [***...]
Gold:   188        SH:  0    Dex: 11    Spells: 7/7 levels left

rFire    . . .     SeeInvis .   a - +0 mace
rCold    . . .     Gourm    .   (no shield)
rNeg     + + .     Faith    .   r - +0 ring mail
rPois    ∞         Spirit   .   h - +0 helmet
rElec    +         Reflect  .   (no cloak)
rCorr    .         Harm     .   q - +2 pair of gloves
MR       .....                  (no boots)
Stlth    ..........             l - amulet of rage
HPRegen  0.22/turn              i - ring of positive energy
MPRegen  0.11/turn              (no ring)

@: berserking, very quick
A: negative energy resistance 1, electricity resistance, unbreathing,
petrification resistance, rot immunity, AC +5
a: Berserk, Trog's Hand, Renounce Religion, Evoke Berserk Rage


You were on level 6 of the Dungeon.
You worshipped Trog.
Trog was most pleased with you.
You were hungry.

You visited 1 branch of the dungeon, and saw 5 of its levels.

You collected 188 gold pieces.

Inventory:

Hand Weapons
 a - a +0 mace (weapon)
Armour
 h - a +0 helmet (worn)
 q - a +2 pair of gloves (worn)
 r - a +0 ring mail (worn)
Jewellery
 i - a ring of positive energy (left hand)
 l - an amulet of rage (around neck)
Wands
 m - a wand of random effects (32)
 y - a wand of paralysis (4)
 B - a wand of iceblast (5)
Scrolls
 b - 2 scrolls of teleportation {unknown}
 d - 4 scrolls of immolation {unknown}
 j - 4 scrolls of identify {unknown}
 k - a scroll of enchant armour {unknown}
 o - a scroll of remove curse {unknown}
 v - 2 scrolls of magic mapping {unknown}
 z - a scroll of enchant weapon {unknown}
 A - a scroll of holy word {unknown}
Potions
 e - a potion of degeneration {unknown}
 f - a potion of mutation {unknown}
 g - 2 potions of might {unknown}
 n - a potion of berserk rage {unknown}
 p - a potion of invisibility {unknown}
 s - a potion of heal wounds {unknown}
 u - a potion of brilliance {unknown}
 w - a potion of lignification {unknown}
 x - a potion of agility {unknown}
 C - a potion of ambrosia {unknown}
Comestibles
 c - 8 rations
 t - 8 chunks of flesh


   Skills:
 * Level 5.8 Fighting
 * Level 5.3 Maces & Flails
 * Level 5.2 Armour
 * Level 3.8 Dodging


You had 7 spell levels left.
You didn't know any spells.
Your spell library was empty.

Dungeon Overview and Level Annotations

Branches:
Dungeon (4/15)             Temple (0/1) D:6

Altars:
Cheibriados
Elyvilon
Okawaru
Wu Jian
Xom
Zin


Innate Abilities, Weirdness & Mutations

You are resistant to torment.
Your stone body is resilient. (AC +5)
You are immune to poison.
You resist negative energy. (rN+)
You are resistant to electric shocks. (rElec)
You can survive without breathing.
You are immune to petrification.
You are immune to rotting.


Message History

The orc warrior is heavily wounded.
The orc warrior barely misses you.
You hit the orc warrior but do no damage.
The orc warrior is heavily wounded.
The orc warrior hits you with a +0 flail!
You hit the orc warrior.
The orc warrior is heavily wounded.
The orc warrior hits you with a +0 flail!
* * * LOW HITPOINT WARNING * * *
You are too injured to fight recklessly!
You are too injured to fight recklessly!
A red film seems to cover your vision as you go berserk!
You feel yourself moving faster!
You feel mighty!
You are feeling hungry.
The orc warrior hits you with a +0 flail!
* * * LOW HITPOINT WARNING * * *
You hit the orc warrior.
The orc warrior is severely wounded.
The orc warrior hits you with a +0 flail!
You die...

.#.#####.## #.#
##.###.## .#
#.#.## #..####.##
#.......#
##.####.# #.# #.#
#@# #o# #o# ..#
### #######
#####.....
########...P.P.###
...........PP.P..>
########...P>P.# #


You could see an orc warrior and an orc wizard.

Vanquished Creatures
  A hippogriff (D:6)
  A bullfrog (D:6)
  A crimson imp (D:6)
  3 jellies (D:2)
  An orc priest (D:2)
  A centaur skeleton (D:6)
  2 hounds (D:6)
  3 worker ants (D:6)
  Natasha (twice) (D:2)
  3 gnolls (D:2)
  8 adders
  8 oozes (D:2)
  2 worms (D:2)
  3 dart slugs
  4 leopard geckos
  5 orcs
  2 giant cockroaches
  10 goblins
  7 hobgoblins
  6 jackals (D:3)
  12 kobolds
  2 quokkas
  A ball python (D:3)
  3 bats
  17 frilled lizards
  A quokka zombie (D:6)
  12 rats
  5 fungi (D:2)
126 creatures vanquished.

Vanquished Creatures (others)
  A fungus (D:2)
  2 plants
  9 toadstools (D:2)
12 creatures vanquished.

Grand Total: 138 creatures vanquished

Notes
Turn   | Place    | Note
-------+----------+-------------------------------------------
     0 | D:1      | Borgoz the Gargoyle Berserker began the quest for the Orb.
     0 | D:1      | Reached XP level 1. HP: 14/14 MP: 1/1
   110 | D:1      | Reached XP level 2. HP: 5/19 MP: 2/2
  1009 | D:2      | Reached XP level 3. HP: 23/24 MP: 3/3
  1323 | D:2      | Reached XP level 4. HP: 19/29 MP: 4/4
  1442 | D:2      | Reached XP level 5. HP: 33/33 MP: 5/5
  1457 | D:2      | Reached ** piety under Trog
  2086 | D:3      | Reached XP level 6. HP: 37/39 MP: 6/6
  2231 | D:3      | Found a glowing silver altar of Zin.
  2696 | D:3      | Found a snail-covered altar of Cheibriados.
  2879 | D:2      | Found an iron altar of Okawaru.
  2926 | D:2      | Found a shimmering altar of Xom.
  2949 | D:2      | Reached *** piety under Trog
  2990 | D:2      | Found a white marble altar of Elyvilon.
  2991 | D:2      | Noticed Natasha
  3012 | D:2      | Killed Natasha
  3133 | D:2      | Noticed Natasha
  3142 | D:2      | Killed Natasha
  3226 | D:2      | Reached skill level 5 in Fighting
  3314 | D:2      | Found an ornate altar of the Wu Jian Council.
  3457 | D:4      | You fall into a shaft and drop 2 floors!
  3459 | D:6      | Found a staircase to the Ecumenical Temple.
  3464 | D:6      | Noticed a hippogriff
  3481 | D:6      | Reached XP level 7. HP: 40/44 MP: 7/7
  3497 | D:6      | Killed a hippogriff
  3566 | D:6      | Reached skill level 5 in Maces & Flails
  3680 | D:6      | Reached skill level 5 in Armour
  3746 | D:6      | Reached XP level 8. HP: 43/51 MP: 8/8
  3803 | D:6      | Mangled by an orc warrior

Levels and vault maps discovered:
D:1:      nicolae_arrival_somewhat_less_tricky_arrival, layout_basic
D:2:      cheibrodos_fertilizer, layout_loops_cross,
          nicolae_overflow_crystal_walls, lemuel_crystal_altar,
          grunt_temple_overflow_open, minmay_lizard_king, uniq_natasha
D:3:      layout_basic, zin_treasury, kennysheep_slug_shrine
D:4:      layout_gridville, uniq_crazy_yiuf_cottage, uniq_eustachio
D:6:      layout_loops_ring, kennysheep_mini_moat,
          minmay_temple_entry_overgrown, basic_altar, grunt_ministairs_10

Skill      XL: |  1  2  3  4  5  6  7 |
---------------+----------------------+-----
Dodging        | 2 3 |  3.8
Armour         | 3 4 5 |  5.2
Fighting       | 4 5 |  5.8
Maces & Flails | 4 5 |  5.3

Action                   |  1- 3 |  4- 6 |  7- 9 || total
-------------------------+-------+-------+-------++-------
Melee: Mace              |    87 |   296 |   108 ||   491
Invok: Berserk           |     2 |     3 |     2 ||     7
 Stab: Sleeping          |       |     1 |       ||     1
  Eat: Chunk             |     3 |    11 |     2 ||    16
Armor: Animal skin       |    48 |    42 |       ||    90
       Ring mail         |       |   110 |    62 ||   172
Dodge: Dodged            |    83 |   233 |    66 ||   382

Table legend:
 A = Non-vault XP
 B = Vault XP
 C = Vault XP percentage of total XP
 D = Non-vault monster count
 E = Vault monster count
 F = Vault count percentage of total count
                 A         B        C        D         E       F
            +---------+---------+-------+---------+---------+-------
      Total |     982 |     246 |  20.0 |      91 |      30 |  24.8
            +---------+---------+-------+---------+---------+-------
        D:1 |      21 |       0 |   0.0 |      13 |       0 |   0.0
        D:2 |     230 |     242 |  51.3 |      30 |      29 |  49.2
        D:3 |      82 |       4 |   4.7 |      35 |       1 |   2.8
        D:6 |     649 |       0 |   0.0 |      13 |       0 |   0.0
            +---------+---------+-------+---------+---------+-------
